AoeStats
← daitoudaguo

African Clearing

510562813Analyzed
4v4 RM · 16h ago on Oct 1, 2026· 45m 40s· 8 players
Game mode
Random Map
Map size
Large (8 player)
Population
200
Speed
Normal
Resources
Standard
Victory
Conquest
Starting age
Dark Age
Ending age
Imperial Age
RankedLock teamsTeams togetherTeam positionsShared explorationLock speedFull tech treeHidden civsTurbo modeCheats
Victory
Defeat
🇭🇰 Khmer · Hong Kong SAR China
1257
+16
🇨🇳 Huns · China
1240
+16
🇨🇳 Khmer · China
1214
+18
🇨🇳 Spanish · China
1197
+18
🇭🇰 Wei · Hong Kong SAR China
1308
-19
🇻🇳 Huns · Vietnam
1302
-19
🇨🇳 Magyars · China
1192
-15
🇮🇳 Varangians · India
1191
-15
虫
3:56 Loom
12:45 Feudal Age
19:02 Castle Age
17:35 Double-Bit Axe
19:47 Town Watch
31:17 Bow Saw
30:51 Horse Collar
32:43 Wheelbarrow
33:37 Gold Mining
33:38 Stone Mining
35:08 Hand Cart
39:41 Imperial Age
38:51 Heavy Plow
40:40 Siege Engineers
41:37 Chemistry
41:50 Crop Rotation
42:41 Ballistics
44:47 Town Patrol
45:10 Conscription
44:51 Tusk Swords
redwolfliu
11:03 Loom
13:51 Feudal Age
14:30 Double-Bit Axe
16:04 Horse Collar
17:08 Wheelbarrow
17:05 Scale Barding Armor
18:36 Forging
18:37 Bloodlines
24:57 Castle Age
24:56 Gold Mining
26:03 Stone Mining
26:25 Bow Saw
26:24 Heavy Plow
32:02 Fletching
34:20 Chain Barding Armor
34:34 Hand Cart
41:28 Imperial Age
40:05 Gold Shaft Mining
40:08 Iron Casting
39:36 Husbandry
41:33 Cavalier
42:49 Plate Barding Armor
42:36 Conscription
43:54 Blast Furnace
44:19 Two-Man Saw
44:32 Paladin
随机便投
3:15 Loom
14:56 Feudal Age
18:24 Castle Age
16:49 Double-Bit Axe
16:48 Horse Collar
18:57 Wheelbarrow
19:31 Heavy Plow
19:43 Bow Saw
25:43 Gold Mining
25:43 Stone Mining
40:14 Imperial Age
38:03 Hand Cart
37:51 Tusk Swords
39:35 Light Cavalry
40:25 Bloodlines
40:16 Husbandry
40:31 Elite Battle Elephant
42:18 Scale Barding Armor
42:23 Forging
43:25 Chain Barding Armor
45:06 Hussar
SkullBump
6:09 Loom
13:41 Feudal Age
17:38 Castle Age
15:36 Double-Bit Axe
15:44 Stone Mining
16:12 Horse Collar
24:15 Fletching
26:15 Bodkin Arrow
27:36 Bow Saw
28:10 Thumb Ring
30:29 Wheelbarrow
30:18 Horse Collar
31:10 Heavy Plow
31:34 Bloodlines
32:51 Husbandry
36:46 Imperial Age
34:26 Gold Mining
35:18 Stone Shaft Mining
35:26 Hand Cart
35:45 Forging
35:41 Scale Barding Armor
36:50 Cavalier
38:14 Iron Casting
37:40 Scale Mail Armor
38:00 Chain Barding Armor
39:16 Chemistry
38:59 Ballistics
38:49 Masonry
40:17 Two-Man Saw
40:32 Blast Furnace
40:59 Plate Barding Armor
40:45 Paladin
41:17 Town Watch
42:13 Conscription
42:17 Supremacy
43:34 Hoardings
43:48 Coinage
44:26 Architecture
45:40 Banking
daitoudaguo
3:04 Loom
14:21 Feudal Age
17:06 Town Watch
23:12 Wheelbarrow
28:01 Castle Age
27:17 Double-Bit Axe
28:17 Horse Collar
29:22 Bow Saw
30:24 Hand Cart
34:22 Heavy Plow
35:01 Gold Mining
36:43 Stone Mining
44:41 Imperial Age
Aker Starlight
7:46 Loom
15:21 Feudal Age
16:08 Double-Bit Axe
21:35 Castle Age
20:17 Horse Collar
20:48 Stone Mining
22:06 Bloodlines
24:08 Wheelbarrow
27:04 Scale Barding Armor
30:31 Forging
41:01 Gold Mining
41:17 Heavy Plow
41:30 Bow Saw
44:43 Imperial Age
ThanhLe
8:03 Loom
17:07 Feudal Age
21:37 Castle Age
21:18 Wheelbarrow
21:39 Fletching
21:46 Double-Bit Axe
21:44 Horse Collar
28:51 Bodkin Arrow
34:55 Imperial Age
32:35 Marauders
32:45 Stone Mining
32:49 Gold Mining
34:21 Scale Barding Armor
35:38 Chain Barding Armor
36:05 Forging
36:38 Bloodlines
36:29 Husbandry
38:03 Plate Barding Armor
41:28 Gold Shaft Mining
42:37 Iron Casting
suny619
5:38 Loom
14:03 Feudal Age
15:42 Double-Bit Axe
17:29 Bloodlines
20:39 Castle Age
19:52 Forging
19:47 Scale Barding Armor
20:58 Horse Collar
25:35 Light Cavalry
26:16 Husbandry
28:37 Wheelbarrow
27:47 Town Watch
31:52 Fletching
38:50 Bodkin Arrow
39:41 Heavy Plow
Connection lost

Rejoining the realm…

Still unreachable

The connection could not be restored.

Session expired

The server has moved on; the page needs a fresh start.